 Dungeon Crawl Stone Soup version 0.25-a0-707-g603da076d2 (webtiles) character file.

Game seed: 17850159700576659182, levelgen mode: deterministic

9906 Amnesiac the Frost Mage (level 11, 0/54 HPs)
             Began as a Deep Elf Ice Elementalist on Apr 5, 2020.
             Was an Elder of Vehumet.
             Slain by a warg (4 damage)
             ... on level 11 of the Dungeon.
             The game lasted 00:34:23 (10642 turns).

Amnesiac the Frost Mage (DEIE)                     Turns: 10642, Time: 00:34:23

Health: 0/54       AC: 13    Str:  5    XL:     11   Next: 29%
Magic:  27/29      EV: 13    Int: 24    God:    Vehumet [****..]
Gold:   471        SH:  0    Dex: 15    Spells: 6/35 levels left

rFire    + . .     SeeInvis .   a - staff of cold
rCold    + . .     Gourm    .   (no shield)
rNeg     . . .     Faith    .   r - +2 robe {rF+}
rPois    .         Spirit   .   m - +1 helmet
rElec    .         Reflect  .   A - +2 cloak
rCorr    .         Harm     .   (no gloves)
MR       +....                  G - +0 pair of boots (curse)
Stlth    ++........             (no amulet)
HPRegen  0.18/turn              y - +5 ring of slaying
MPRegen  0.21/turn              D - +3 ring of protection

@: frozen ramparts, very slightly contaminated
A: no striking features
a: Renounce Religion


You were on level 11 of the Dungeon.
You worshipped Vehumet.
Vehumet was greatly pleased with you.
You were not hungry.

You visited 2 branches of the dungeon, and saw 12 of its levels.

You collected 718 gold pieces.
You spent 247 gold pieces at shops.

Inventory:

Hand Weapons
 b - a +2 dagger of electrocution
Missiles
 q - 2 curare-tipped darts (quivered)
Armour
 m - a +1 helmet (worn)
 r - a +2 robe of fire resistance (worn)
 A - a +2 cloak (worn)
 G - a cursed +0 pair of boots (worn)
Magical Staves
 a - an uncursed staff of cold (weapon)
Jewellery
 e - an uncursed ring of fire
 v - an uncursed ring of wizardry
 y - a +5 ring of slaying (left hand)
 D - a +3 ring of protection (right hand)
 I - an uncursed ring of positive energy
 M - a +4 ring of intelligence
 N - a +4 ring of evasion {unknown}
Wands
 x - a wand of enslavement (11)
Scrolls
 g - a scroll of enchant armour {!r}
 k - a scroll of noise {!r, unknown}
 l - 4 scrolls of remove curse {!r}
 s - 2 scrolls of blinking {!r}
 t - 6 scrolls of teleportation {!r}
 u - 2 scrolls of enchant weapon {!r, unknown}
 C - a scroll of vulnerability {!r, unknown}
 E - a scroll of magic mapping {!r, unknown}
 F - a scroll of brand weapon {!r, unknown}
 J - 2 scrolls of amnesia {!r, unknown}
 K - a scroll of summoning {!r, unknown}
 L - a scroll of identify {!r}
Potions
 d - a potion of brilliance {!q}
 f - 2 potions of lignification {!q, unknown}
 h - 4 potions of curing {!q}
 i - 2 potions of cancellation {!q, unknown}
 j - 3 potions of magic {!q, unknown}
 n - 2 potions of haste {!q}
 o - 2 potions of flight {!q, unknown}
 p - a potion of mutation {!q}
 w - a potion of ambrosia {!q}
 z - 3 potions of heal wounds {!q}
 B - a potion of resistance {!q}
Comestibles
 c - 17 rations
 O - 4 chunks of flesh


   Skills:
 - Level 4.0 Staves
 - Level 2.4 Dodging
 - Level 2.4 Stealth
 + Level 12.6 Spellcasting
 * Level 14.8 Ice Magic
 - Level 4.0 Evocations


You had 6 spell levels left.
You knew the following spells:

 Your Spells              Type           Power        Failure   Level  Hunger
a - Freeze                Ice            ####         0%          1    None
b - Frozen Ramparts       Ice            ######       1%          3    None
c - Summon Ice Beast      Ice/Summ       ######..     1%          4    None
d - Hailstorm             Conj/Ice       ######..     1%          4    None
e - Sticky Flame          Conj/Fire      ###.....     11%         4    None
f - Mephitic Cloud        Conj/Pois/Air  ###.....     3%          3    None
g - Stone Arrow           Conj/Erth      ###...       3%          3    None
s - Passwall              Tmut/Erth      ###.....     6%          2    None
v - Blink                 Tloc           N/A          6%          2    None
z - Ozocubu's Armour      Chrm/Ice       ######..     1%          3    None

Your spell library contained the following spells:

 Spells                   Type           Power        Failure   Level  Hunger
 Magic Dart               Conj           ###.         1%          1    None
 Sandblast                Erth           ###...       1%          1    None
 Searing Ray              Conj           ###...       1%          2    None
 Ice Form                 Ice/Tmut       ######..     1%          4    None
 Conjure Flame            Conj/Fire      ###.....     3%          3    None
 Dazzling Flash           Conj/Hex       ###...       3%          3    None
 Beastly Appendage        Tmut           ###...       4%          1    None
 Metabolic Englaciation   Hex/Ice        ######....   5%          5    ###....
 Call Imp                 Summ           ###.....     6%          2    None
 Slow                     Hex            ###.....     6%          2    None
 Sticks to Snakes         Tmut           ###.....     6%          2    None
 Fulminant Prism          Conj/Hex       ###.......   11%         4    None
 Iskenderun's Mystic Bla  Conj/Tloc      ###.....     11%         4    None
 Confusing Touch          Hex            ###.....     12%         3    None
 Gell's Gravitas          Tloc           ###.......   12%         3    None
 Spider Form              Tmut/Pois      ###.......   12%         3    None
 Bolt of Magma            Conj/Fire/Erth ###.......   28%         5    ###....
 Iskenderun's Battlesphe  Conj/Chrm      ###.....     28%         5    ###....
 Lee's Rapid Deconstruct  Erth           ###.......   28%         5    ###....
 Yara's Violent Unravell  Hex/Tmut       ###.......   28%         5    ###....
 Petrify                  Tmut/Erth      ###.....     36%         4    None
 Blade Hands              Tmut           ###.......   73%         5    ###....
 Iron Shot                Conj/Erth      ###.......   80%         6    #####..
 Orb of Destruction       Conj           ###.......   99%         7    ######.
 Spellforged Servitor     Conj/Summ      ###.......   99%         7    ######.


Dungeon Overview and Level Annotations

Branches:
Dungeon (11/15)            Temple (1/1) D:6
   Lair: D:8-11         Orc: D:9-12

Altars:
Ashenzari
Cheibriados
Dithmenos
Elyvilon
Fedhas
Gozag
Hepliaklqana
Kikubaaqudgha
Makhleb
Nemelex Xobeh
Okawaru
Qazlal
Ru
Sif Muna
Trog
Uskayaw
Vehumet
Wu Jian
Xom
Yredelemnul
Zin
The Shining One

Shops:
D:8 (*!%

Portals:
Abyss: D:9

Annotations:
D:9 2 transporters, Rotter5's ghost, novice DrIE
D:10 2 runed translucent doors, exclusion: downstairs, Fannar; Hasart's ghost, novice DgEE; Urug


Message History

The wall freezes the yak.
The yak barely misses you.
You see here a yak corpse.
The frozen ramparts melt away.
You hit the yak but do no damage. You freeze the yak!!
The yak is heavily wounded.
The yak misses you.
You barely miss the yak.
The yak is heavily wounded.
The yak barely misses you.
Casting: Frozen Ramparts (safe; 1% risk of failure)
Confirm with . or Enter, or press ? or * to list all spells.
Aiming: Sticky Flame (safe; 11% risk of failure)
Press: ? - help, Shift-Dir - straight line, f - yak
Aim: a yak (heavily wounded)
You miscast Sticky Flame.
You are very lightly contaminated with residual magic.
The air around you crackles with energy!
The yak misses you.
You hit the yak.
The yak is severely wounded.
The yak gores you but does no damage.
You hit the yak. You freeze the yak!
The yak is almost dead.
A warg comes into view.
The yak misses you.
You barely miss the yak.
The yak is almost dead.
The yak gores you!
The warg howls!
You hear a shout!
You hit the yak. You freeze the yak!
You kill the yak!
Vehumet accepts your kill.
You feel your power returning.
You hear a shout! x2
You closely miss the warg. The warg bites you!
* * * LOW HITPOINT WARNING * * *
You hit the warg. You freeze the warg.
The warg is lightly wounded.
The warg barely misses you.
You see here a yak corpse.
The warg bites you!
* * * LOW HITPOINT WARNING * * *
Casting: Sticky Flame (safe; 11% risk of failure)
Confirm with . or Enter, or press ? or * to list all spells.
You feel a surge of power!
The walls around you are covered in ice.
The wall freezes the warg.
The warg bites you.
* * * LOW HITPOINT WARNING * * *
Really quaff
h - 7 potions of curing {!q}?
You feel better.
The wall freezes the warg!
The warg bites you but does no damage.
The wall freezes the warg.
The warg barely misses you.
Really quaff
h - 6 potions of curing {!q}?
You feel better.
The wall freezes the warg.
The warg bites you!
* * * LOW HITPOINT WARNING * * *
Really quaff
h - 5 potions of curing {!q}?
You feel better.
The wall freezes the warg.
The warg bites you.
* * * LOW HITPOINT WARNING * * *
You closely miss the warg.
The warg is severely wounded.
The wall freezes the warg.
The warg bites you!
* * * LOW HITPOINT WARNING * * *
The wall freezes the warg.
The warg bites you.
You die...

##.....###.#..# ..##
###........#.##.## .#
#...#.####.......####.##
#.###.# ###.#.......$#
#.###.#### # #.#.†....#
......... .....#.####...
..>........#.###†# #.
.####.####.....#h####.##
.# .... ###....@.......
.# ................####
.# ############# ##


You could see a warg.

Vanquished Creatures
  Nergalle (D:10)
  A centaur zombie (D:10)
  The ghost of kae the Destroyer, a novice TeAE (D:6)
  A komodo dragon (D:10)
  2 trolls
  A merfolk (D:9)
  2 hornets
  A shadow (D:11)
  7 yaks
  A wyvern (D:9)
  A basilisk (D:11)
  Edmund (D:4)
  A warg (D:11)
  A water moccasin (D:9)
  2 ice beasts
  4 ogres
  4 orc warriors
  2 sky beasts (D:9)
  A black bear (D:7)
  2 phantoms
  A necrophage (D:9)
  2 centaurs
  Blork the orc (D:4)
  3 bullfrogs
  3 big kobolds
  A gnoll sergeant (D:10)
  Dowan (D:4)
  A wyvern skeleton (D:11)
  4 scorpions
  10 killer bees
  3 howler monkeys
  4 crimson imps
  3 hounds
  A jelly (D:9)
  2 bullfrog skeletons
  5 orc priests
  3 centaur skeletons
  Jessica (D:2)
  2 iguanas
  Ijyb (D:4)
  10 orc wizards
  10 worker ants
  A hound zombie (D:5)
  A hound skeleton (D:6)
  A worker ant zombie (D:7)
  Robin (D:4)
  18 gnolls
  10 adders
  2 shadow imps
  2 oozes
  2 adder zombies
  An adder skeleton (D:6)
  3 worms
  A dart slug (D:1)
  7 leopard geckos
  41 orcs
  4 giant cockroaches
  15 goblins
  7 hobgoblins
  12 jackals
  28 kobolds
  8 quokkas
  2 ball pythons
  7 bats
  4 frilled lizards
  A quokka skeleton (D:4)
  A quokka zombie (D:5)
  7 rats
296 creatures vanquished.

Vanquished Creatures (collateral kills)
  Harold (D:9)
  Grinder (D:5)
  Duvessa (D:4)
  An ice beast (D:9)
  A killer bee (D:6)
5 creatures vanquished.

Grand Total: 301 creatures vanquished

Notes
Turn   | Place    | Note
-------+----------+-------------------------------------------
     0 | D:1      | Amnesiac the Deep Elf Ice Elementalist began the quest for
                  | the Orb.
     0 | D:1      | Reached XP level 1. HP: 10/10 MP: 6/6
   131 | D:3      | Reached XP level 2. HP: 10/15 MP: 4/8
   424 | D:3      | Reached skill level 5 in Ice Magic
   548 | D:3      | Found a sacrificial altar of Ru.
   580 | D:3      | Reached XP level 3. HP: 19/19 MP: 6/10
   585 | D:3      | Learned a level 3 spell: Frozen Ramparts
   589 | D:3      | Learned a level 3 spell: Ozocubu's Armour
   884 | D:3      | Reached XP level 4. HP: 23/24 MP: 6/12
  1047 | D:3      | Reached skill level 6 in Ice Magic
  1228 | D:4      | Noticed Robin
  1232 | D:4      | Killed Robin
  1234 | D:4      | Reached XP level 5. HP: 23/28 MP: 5/14
  1327 | D:4      | Found an ornate altar of the Wu Jian Council.
  1415 | D:4      | Reached skill level 5 in Spellcasting
  1475 | D:4      | Learned a level 4 spell: Summon Ice Beast
  1495 | D:4      | Noticed Edmund
  1506 | D:4      | Killed Edmund
  1506 | D:4      | Reached skill level 7 in Ice Magic
  1506 | D:4      | Reached skill level 1 in Evocations
  1506 | D:4      | Reached XP level 6. HP: 23/32 MP: 8/16
  1561 | D:4      | Noticed Ijyb
  1583 | D:4      | Killed Ijyb
  1743 | D:4      | Learned a level 4 spell: Hailstorm
  1944 | D:4      | Noticed Blork the orc
  1965 | D:4      | Killed Blork the orc
  1998 | D:4      | Found a hide-covered altar of Uskayaw.
  2013 | D:4      | Noticed Duvessa
  2083 | D:4      | Killed Duvessa
  2083 | D:4      | Reached XP level 7. HP: 7/36 MP: 5/18
  2125 | D:4      | Noticed Dowan
  2401 | D:4      | Killed Dowan
  2401 | D:4      | Reached skill level 8 in Ice Magic
  2690 | D:5      | Entered Level 5 of the Dungeon
  3098 | D:5      | Reached XP level 8. HP: 28/41 MP: 14/20
  3183 | D:5      | Found a blossoming altar of Fedhas.
  3497 | D:5      | Learned a level 2 spell: Passwall
  3501 | D:5      | Found a basalt altar of Yredelemnul.
  3698 | D:5      | Reached skill level 9 in Ice Magic
  3876 | D:6      | Noticed Grinder
  3964 | D:5      | Killed Grinder
  4085 | D:6      | Learned a level 3 spell: Stone Arrow
  4089 | D:6      | Found a staircase to the Ecumenical Temple.
  4098 | D:12     | Identified a paperback manual
  4098 | Temple   | Entered the Ecumenical Temple
  4109 | Temple   | Became a worshipper of Vehumet
  4734 | D:1      | Reached * piety under Vehumet
  4734 | D:1      | Offered knowledge of Foxfire by Vehumet.
  5140 | D:2      | Noticed Jessica
  5145 | D:2      | Killed Jessica
  5195 | D:2      | Found a burning altar of Makhleb.
  5200 | D:2      | Reached skill level 10 in Ice Magic
  5465 | D:2      | Found a glowing golden altar of the Shining One.
  5465 | D:2      | Found a shimmering altar of Xom.
  6134 | D:5      | Reached XP level 9. HP: 31/45 MP: 20/23
  6299 | D:6      | Found a white marble altar of Elyvilon.
  6363 | D:6      | Noticed kae's ghost (novice TeAE)
  6370 | D:6      | Found a transporter.
  6372 | D:6      | Found a transporter.
  6634 | D:7      | Reached skill level 11 in Ice Magic
  6650 | D:7      | Got a shimmering robe
  6661 | D:7      | Identified the +0 robe of Privacy {-Tele +Fly rCorr Dex-5}
                  | (You found it on level 7 of the Dungeon)
  6689 | D:7      | Reached ** piety under Vehumet
  6689 | D:7      | Offered knowledge of Searing Ray by Vehumet.
  6766 | D:7      | Found a stormy altar of Qazlal.
  7069 | D:8      | Found Fauqon's Food Emporium.
  7086 | D:8      | Found Qosud's Distillery.
  7093 | D:8      | Bought a potion of degeneration for 11 gold pieces
  7095 | D:8      | Bought a potion of curing for 33 gold pieces
  7170 | D:8      | Found Dobbott's Assorted Antiques.
  7181 | D:8      | Bought a scroll labeled NAMMAU CIMETEO for 29 gold pieces
  7181 | D:8      | Bought a scroll labeled JANOAGROROMP for 29 gold pieces
  7181 | D:8      | Bought a scorched silver ring for 145 gold pieces
  7182 | D:8      | Identified the ring of Gerunimm {+Blink rN+ MR+ Str+4} (You
                  | bought it in a shop on level 8 of the Dungeon)
  7245 | D:8      | Found Pimyg's Antique Weapon Shop.
  7449 | D:9      | Reached skill level 1 in Staves
  7449 | D:9      | Reached skill level 10 in Spellcasting
  7551 | D:9      | Noticed a troll
  7566 | D:9      | Killed a troll
  7566 | D:9      | Reached skill level 12 in Ice Magic
  7578 | D:9      | Noticed a wretched star
  7579 | D:9      | Found a transporter.
  7649 | D:9      | Offered knowledge of Inner Flame by Vehumet.
  7653 | D:9      | Found a one-way gate to the infinite horrors of the Abyss.
  7656 | D:9      | Found a transporter.
  7668 | D:9      | Noticed an ancient zyme
  7721 | D:9      | Noticed Rotter5's ghost (novice DrIE)
  7740 | D:9      | Reached XP level 10. HP: 20/50 MP: 18/26
  7758 | D:9      | Reached *** piety under Vehumet
  8140 | D:9      | Identified the +6 dire flail of Nemelex Xobeh {distort,
                  | SInv}
  8140 | D:9      | Noticed a skeletal warrior
  8351 | D:9      | Offered knowledge of Mephitic Cloud by Vehumet.
  8392 | D:9      | Noticed Harold
  8398 | D:9      | Learned a level 3 spell: Mephitic Cloud
  8468 | D:9      | Killed Harold
  8468 | D:9      | Reached skill level 13 in Ice Magic
  8545 | D:9      | Found an opulent altar of Gozag.
  8683 | D:6      | Killed kae's ghost
  8694 | D:6      | Reached **** piety under Vehumet
  8781 | D:10     | Entered Level 10 of the Dungeon
  8835 | D:10     | Found a large runed translucent door.
  8835 | D:10     | Found a large runed translucent door.
  8965 | D:10     | Offered knowledge of Sticky Flame by Vehumet.
  9023 | D:10     | Noticed Urug
  9152 | D:10     | Noticed Nergalle
  9162 | D:10     | Reached skill level 14 in Ice Magic
  9191 | D:10     | Killed Nergalle
  9265 | D:10     | Noticed Fannar
  9341 | D:10     | Reached XP level 11. HP: 53/54 MP: 12/29
  9776 | D:10     | Noticed Hasart's ghost (novice DgEE)
  9959 | D:11     | Learned a level 4 spell: Sticky Flame
  9996 | D:11     | Found a blossoming altar of Fedhas.
 10013 | D:11     | Learned a level 2 spell: Blink
 10642 | D:11     | Slain by a warg

Levels and vault maps discovered:
D:1:      minmay_arrival_arboretum_small, layout_basic, minmay_3d_cube
D:2:      layout_basic, makhleb_grotto_becter,
          gammafunk_temple_overflow_elements, minmay_pentomino_u4, uniq_jessica
D:3:      layout_loops_ring, nicolae_ru_sacrificial_ziggurat, first_ration
D:4:      layout_layer_cave, lemuel_round_altar, lemuel_crystal_altar,
          uniq_blork_the_orc, uniq_ijyb, uniq_robin, uniq_edmund, uniq_duvessa
D:5:      layout_layer_cave, lemuel_crystal_altar, basic_altar
D:6:      layout_rooms, elyvilon_altar_5, minmay_temple_entry_junction,
          gammafunk_ghost_hive, uniq_grinder
D:7:      layout_rooms, nicolae_overflow_hidden_temple
D:8:      layout_basic, serial_shops, shop_statue,
          nicolae_shop_overgrown_old_shop, shop, shop_fountains
D:9:      minmay_bubble_buster, layout_basic, grunt_gozag_breadcrumbs,
          gammafunk_ghost_abyssal_escape, nrook_campfire, hangedman_fish_farm,
          uniq_harold
D:10:     layout_stronghold, ebering_ghost_disaster_area, uniq_fannar,
          uniq_nergalle, uniq_urug
D:11:     layout_rooms, erik_lair_orcish_takeover, erik_orc_1, glass_columns_b,
          fedhas_altar_1
Temple:   nicolae_temple_no_exploring_needed

Skill      XL: |  1  2  3  4  5  6  7  8  9 10 |
---------------+-------------------------------+-----
Ice Magic      | 5 6 7 8 10 12 14 | 14.8
Spellcasting   | 4 5 6 7 8 10 12 | 12.6
Evocations     | 1 2 3 4 |  4.0
Staves         | 2 4 |  4.0
Dodging        | |  2.4
Stealth        | |  2.4

Action                   |  1- 3 |  4- 6 |  7- 9 | 10-12 || total
-------------------------+-------+-------+-------+-------++-------
Melee: Staff             |       |       |   117 |   106 ||   223
       Dagger            |       |       |    16 |    33 ||    49
Throw: Dart              |       |       |     3 |     2 ||     5
 Cast: Freeze            |    29 |    32 |   169 |    36 ||   266
       Frozen Ramparts   |     3 |    14 |    23 |    24 ||    64
       Summon Ice Beast  |       |     1 |     9 |     3 ||    13
       Hailstorm         |       |       |     2 |       ||     2
       Stone Arrow       |       |       |    11 |    25 ||    36
       Passwall          |       |       |     2 |     1 ||     3
       Sticky Flame      |       |       |       |     9 ||     9
Evoke: Wand              |       |       |       |     2 ||     2
  Use: Potion            |       |       |     1 |     3 ||     4
       Scroll            |       |       |    13 |       ||    13
 Stab: Sleeping          |       |       |     2 |     5 ||     7
  Eat: Chunk             |       |     4 |    18 |     6 ||    28
       Ration            |       |       |       |     1 ||     1
Armor: Robe              |     2 |     7 |    81 |    63 ||   153
Dodge: Dodged            |    18 |    27 |   210 |   108 ||   363

Table legend:
 A = Non-vault XP
 B = Vault XP
 C = Vault XP percentage of total XP
 D = Non-vault monster count
 E = Vault monster count
 F = Vault count percentage of total count
                 A         B        C        D         E       F
            +---------+---------+-------+---------+---------+-------
      Total |    9518 |    4634 |  32.7 |     249 |      52 |  17.3
            +---------+---------+-------+---------+---------+-------
        D:1 |      45 |       9 |  16.7 |      22 |       6 |  21.4
        D:2 |      39 |     127 |  76.5 |      14 |       6 |  30.0
        D:3 |     118 |       0 |   0.0 |      27 |       0 |   0.0
        D:4 |     245 |     558 |  69.5 |      18 |      16 |  47.1
        D:5 |    1166 |     141 |  10.8 |      25 |       1 |   3.8
        D:6 |     417 |     770 |  64.9 |      21 |       7 |  25.0
        D:7 |     706 |       0 |   0.0 |      26 |       0 |   0.0
        D:8 |     545 |       0 |   0.0 |      10 |       0 |   0.0
        D:9 |    1767 |    2059 |  53.8 |      34 |      14 |  29.2
       D:10 |    1897 |     812 |  30.0 |      22 |       1 |   4.3
       D:11 |    2541 |     158 |   5.9 |      29 |       1 |   3.3
     Temple |      32 |       0 |   0.0 |       1 |       0 |   0.0
            +---------+---------+-------+---------+---------+-------
